 Dungeon Crawl Stone Soup version 0.30-a0-756-gc2185399d4 (webtiles) character file.

Game seed: 4449595995024616181

4 epen the Charlatan (level 1, -2/13 HPs)
             Began as a Gnoll Wanderer on Feb 9, 2023.
             Slain by a kobold
             ... wielding a +0 dagger
              (4 damage)
             ... on level 1 of the Dungeon.
             The game lasted 00:00:32 (140 turns).

epen the Charlatan (Gnoll Wanderer)                  Turns: 140, Time: 00:00:33

Health: -2/13      AC:  2    Str:  9    XL:     1   Next: 70%
Magic:  6/6        EV: 12    Int: 11    God:
Gold:   0          SH:  0    Dex: 13    Spells: 8/9 levels left

rFire   . . .      SeeInvis .    a - +0 hand axe
rCold   . . .      Faith    .    (no shield)
rNeg    . . .      Spirit   .    d - +0 robe
rPois   .          Reflect  .    (no helmet)
rElec   .          Harm     .    (no cloak)
rCorr   .          Rampage  .    (no gloves)
Will    .....                    (no boots)
Stlth   ++                       (no amulet)
HPRegen 0.22/turn                (no ring)
MPRegen 0.10/turn                (no ring)

@: no status effects
A: fangs 1, strong nose, distributed training
a: no special abilities


You were on level 1 of the Dungeon.
You visited 1 branch of the dungeon, and saw 1 of its levels.

Inventory:

Hand Weapons
 a - a +0 hand axe (weapon)
Armour
 d - a +0 robe (worn)
Wands
 b - a wand of flame (3)
Potions
 c - a potion of curing


   Skills:
 + Level 0.1 Fighting
 + Level 0.1 Short Blades
 + Level 0.1 Long Blades
 + Level 2.4 Axes
 + Level 0.1 Maces & Flails
 + Level 0.1 Polearms
 + Level 0.1 Staves
 + Level 0.1 Ranged Weapons
 + Level 0.1 Throwing
 + Level 2.4 Armour
 + Level 2.4 Dodging
 + Level 2.2 Stealth
 + Level 0.1 Shields
 + Level 0.1 Unarmed Combat
 + Level 4.9 Spellcasting
 + Level 0.1 Conjurations
 + Level 0.1 Hexes
 + Level 0.1 Summonings
 + Level 0.1 Necromancy
 + Level 0.1 Translocations
 + Level 0.1 Transmutations
 + Level 0.1 Fire Magic
 + Level 0.1 Ice Magic
 + Level 0.1 Air Magic
 + Level 0.1 Earth Magic
 + Level 0.1 Poison Magic
 + Level 0.2 Invocations
 + Level 6.4 Evocations


You had 8 spell levels left.
You knew the following spells:

 Your Spells              Type           Power      Damage    Failure   Level
a - Beastly Appendage     Tmut           4%         N/A       21%         1

Your spell library contained the following spells:

 Spells                   Type           Power      Damage    Failure   Level
 Sublimation of Blood     Necr           2%         N/A       30%         2
 Summon Guardian Golem    Hex/Summ       2%         N/A       52%         3
 Vampiric Draining        Necr           2%         2d6       52%         3


Dungeon Overview and Level Annotations

Branches:
Dungeon (1/15)

Altars:


Innate Abilities, Weirdness & Mutations

You have very sharp teeth.
Your uncanny sense of smell can sniff out nearby items.
Your experience applies equally to all skills.


Message History

A kobold is nearby!
Found a pink potion.
A goblin comes into view. It is wielding a +0 dagger.
The goblin shouts!
The goblin hits you with a +0 dagger.
You miss the goblin.
The kobold shouts!
The goblin hits you with a +0 dagger. The kobold misses you.
The goblin hits you but does no damage.
You hit the kobold.
The kobold is heavily wounded.
You barely miss the goblin. The goblin closely misses you.
The kobold barely misses you.
You barely miss the kobold.
The kobold is heavily wounded.
You hit the goblin but do no damage. The goblin hits you but does no damage.
The kobold hits you with a +0 dagger.
You hit the kobold.
The kobold is heavily wounded.
You miss the goblin. The goblin misses you.
The kobold hits you but does no damage.
You hit the kobold but do no damage. You bite the kobold, but do no damage.
The kobold is heavily wounded.
You barely miss the goblin. The goblin barely misses you.
The kobold hits you with a +0 dagger.
You closely miss the kobold.
The kobold is heavily wounded.
You barely miss the goblin. The goblin closely misses you.
The kobold hits you with a +0 dagger.
You are too injured to fight recklessly!
You are too injured to fight recklessly!
You are too injured to fight recklessly!
You are too injured to fight recklessly!
You are too injured to fight recklessly!
You hit the goblin. You bite the goblin, but do no damage.
The goblin is heavily wounded.
You hit the kobold but do no damage. The goblin hits you with a +0 dagger.
* * * LOW HITPOINT WARNING * * *
The kobold hits you with a +0 dagger.
You die...

≈≈≈.≈≈≈≈≈≈.####).##.......#
≈≈≈≈.≈≈≈≈≈≈......###.####.#
≈≈≈≈.≈≈≈≈≈≈≈##...# #.# #.#
8≈≈.≈≈≈≈≈8≈≈≈##.## #.# #.#
≈≈.≈≈≈≈≈≈≈≈≈≈##.# #.# #(#
≈≈.≈≈≈~~~≈≈≈≈.#.# #.# #.#
≈≈.≈≈~≈≈≈~≈≈~...####.# ##.##
≈≈≈..>≈≈≈≈~~≈##....#.###...#
≈≈≈≈<..≈≈≈≈≈≈...@#.........#
~≈≈≈~≈≈.≈≈≈≈≈##Kg..#####...#
≈~~~≈≈≈.≈≈≈≈ #.#.## #####
≈≈≈≈≈≈≈.≈≈≈≈ !..#.#
8≈≈≈≈≈.≈≈8≈≈≈####.#
≈≈≈≈≈.≈≈≈≈≈≈ #.#
≈≈≈≈≈.≈≈≈≈≈# #.#
≈≈≈≈≈≈.≈≈≈## #.#


You could see a goblin and a kobold.

Vanquished Creatures
  3 bats (D:1)
  2 frilled lizards (D:1)
  A rat (D:1)
6 creatures vanquished.

Notes
Turn   | Place    | Note
-------+----------+-------------------------------------------
     0 | D:1      | epen the Gnoll Wanderer began the quest for the Orb.
     0 | D:1      | epen set off with the following items: a +0 hand axe, a
                  | wand of flame (3), a potion of curing, a +0 robe; and the
                  | following spell memorised: Beastly Appendage; and the
                  | following spells available to memorise: Sublimation of
                  | Blood, Summon Guardian Golem, Vampiric Draining.
     0 | D:1      | Reached XP level 1. HP: 13/13 MP: 6/6
   140 | D:1      | Slain by a kobold

Illustrated notes

Levels and vault maps discovered:
D:1:      nzn_arrival_water_spiral, layout_loops_ring

Action                     || total
---------------------------++-------
  Melee: Hand axe          ||    27
         Bite              ||     2
   Stab: Sleeping          ||     3
 Armour: Robe              ||    11
  Dodge: Dodged            ||    24

Table legend: (Time is in decaauts)
 A = Elapsed time spent in this place.
 B = Non-inter-level travel time spent in this place.
 C = Inter-level travel time spent in this place.
 D = Time resting spent in this place.
 E = Time spent auto-exploring this place.
 F = Levels seen in this place.
 G = Mean time per level.
                   A        B        C        D        E       F      G
               +--------+--------+--------+--------+--------+-----+--------+
         Total |    144 |    144 |      0 |      0 |     85 |   1 |  144.0 |
       Dungeon |    144 |    144 |      0 |      0 |     85 |   1 |  144.0 |
               +--------+--------+--------+--------+--------+-----+--------+

Top non-repeatable levels by time:
     D:1: 144 daAuts
